AoeStats
← dany91791

Arena

503918111Analyzed
1v1 RM · 1mo ago on Sep 3, 2026· 45m 43s· 2 players
Game mode
Random Map
Map size
Tiny (2 player)
Population
200
Speed
Normal
Resources
Standard
Victory
Conquest
Starting age
Dark Age
Ending age
Imperial Age
RankedLock teamsTeams togetherTeam positionsShared explorationLock speedFull tech treeHidden civsTurbo modeCheats
Victory
Defeat
🇲🇽 Vikings · Mexico
542
+10
🇪🇨 Koreans · Ecuador
406
-10
EdyLac
11:14 Feudal Age
10:33 Loom
13:53 Wheelbarrow
13:04 Town Watch
15:15 Gold Mining
16:08 Horse Collar
16:38 Double-Bit Axe
18:28 Scale Mail Armor
25:05 Castle Age
23:42 Scale Barding Armor
25:13 Arson
26:19 Hand Cart
28:28 Husbandry
28:44 Stone Mining
34:41 Stone Shaft Mining
36:18 Bow Saw
36:15 Heavy Plow
36:34 Squires
44:20 Imperial Age
42:59 Pikeman
44:20 Masonry
44:06 Murder Holes
44:33 Ballistics
44:07 Fletching
43:52 Elite Skirmisher
dany91791
2:56 Loom
8:42 Feudal Age
9:50 Double-Bit Axe
9:48 Horse Collar
21:19 Castle Age
21:39 Light Cavalry
24:42 Pikeman
24:44 Elite Skirmisher
28:48 Heavy Plow
29:20 Murder Holes
30:38 Gold Mining
32:21 Gold Shaft Mining
35:00 Ballistics
34:50 Fortified Wall
34:51 Masonry
36:00 Chieftains
39:55 Imperial Age
37:32 Fletching
38:07 Bow Saw
39:46 Scale Barding Armor
39:41 Padded Archer Armor
39:37 Bodkin Arrow
39:43 Scale Mail Armor
40:32 Forging
41:20 Conscription
42:47 Two-Man Saw
42:21 Crop Rotation
41:56 Bracer
42:12 Leather Archer Armor
42:17 Chain Barding Armor
43:15 Chemistry
43:47 Crossbowman
44:59 Elite Berserk
Connection lost

Rejoining the realm…

Still unreachable

The connection could not be restored.

Session expired

The server has moved on; the page needs a fresh start.